 Dungeon Crawl Stone Soup version 0.29.0-4-gdea44cf6ec (webtiles) character file.

Game seed: 6386657662458341724

12 qw the Sneak (level 2, 0/14 HPs)
             Began as a Felid Delver on Aug 27, 2022.
             Slain by a hound (4 damage)
             ... on level 4 of the Dungeon.
             The game lasted 00:00:01 (109 turns).

qw the Sneak (Felid Delver)                          Turns: 109, Time: 00:00:01

Health: 0/14       AC:  1    Str:  8    XL:     2   Next: 20%
Magic:  3/3        EV: 17    Int: 11    God:
Gold:   10         SH:  0    Dex: 17    Spells: 1/1 levels left
                                        Lives:  0   Deaths: 0

rFire   . . .      SeeInvis +     - Unarmed
rCold   . . .      Faith    .   (shield unavailable)
rNeg    . . .      Spirit   .   (body armour unavailable)
rPois   .          Reflect  .   (helmet unavailable)
rElec   .          Harm     .   (cloak unavailable)
rCorr   .          Rampage  .   (gloves unavailable)
Will    .....                   (boots unavailable)
Stlth   +++.......              (no amulet)
HPRegen 0.04/turn               (no ring)
MPRegen 0.08/turn               (no ring)

@: quick
A: very small, claws 1, fangs 3, see invisible, speed 1, shaggy fur 1, stealthy
paws, no weapons or thrown items, no armour, multi-lived
a: no special abilities


You were on level 4 of the Dungeon.
You visited 1 branch of the dungeon, and saw 2 of its levels.

You collected 10 gold pieces.


Innate Abilities, Weirdness & Mutations

You have sharp claws.
You have razor-sharp teeth.
You have supernaturally acute eyesight. (SInv)
You cover ground quickly. (Speed+)
You are covered in fur. (AC +1)
Your paws help you pounce on unaware monsters.
You are incapable of wielding weapons or throwing items.
You cannot wear armour.
You gain extra lives every three experience levels.


   Skills:
 - Level 3.0 Fighting
 - Level 2.6 Dodging
 - Level 6.6 Stealth
 + Level 2.9 Unarmed Combat


You had one spell level left.
You didn't know any spells.
Your spell library was empty.

Inventory:

Jewellery
 f - a ring of fire
Wands
 e - a wand of digging (3)
Potions
 a - a potion of curing {unknown}
 d - a potion of haste

Dungeon Overview and Level Annotations

Branches:
Dungeon (5/15)
 Temple: D:4-7

Altars:


Message History

The orc closely misses you.
A hound comes into view.
The orc closely misses you.
An orc comes into view. It is wielding a +0 whip.
You closely miss the orc. You bite the orc.
The orc is moderately wounded.
The orc misses you. The orc closely misses you.
A goblin comes into view. It is wielding a +0 dagger.
You scratch the orc.
The orc is heavily wounded.
The orc completely misses you. The orc misses you.
You scratch the orc but do no damage.
The orc is heavily wounded.
The orc closely misses you. The orc barely misses you.
An orc comes into view. It is wielding a +0 mace.
You closely miss the orc.
The orc is heavily wounded.
The orc hits you with a +0 flail. The orc hits you with a +0 trident!
Ouch! That really hurt!
The hound bites your butterfly.
Your butterfly dies!
Your butterfly disappears in a burst of colours!
You scratch the orc.
You kill the orc!
The hound misses your butterfly. The orc closely misses you.
106 ||| Stepping ~*~*~tactically~*~*~ (outnumbered).
You swap places.
The hound misses your butterfly.
The hound closely misses your butterfly.
The orc hits your butterfly with a +0 whip.
Your butterfly dies!
Your butterfly disappears in a burst of colours!
The orc hits your butterfly with a +0 flail.
Your butterfly dies!
Your butterfly disappears in a burst of colours!
You closely miss the hound. The hound misses you.
You barely miss the hound. The hound barely misses you.
The orc closely misses you. The hound bites you.
You die...

... ... ... . .... ..# ..
.$<. #.####... .....
#..b... .....##....
.b...bgoo# #ho# ###
##@b## ..# #.. #b.b.# #.#
.. #.##!b# #.###.#
##.###.... ....#.# #..#
.....# ......# #.##
....## .....# #># ......
.>...#### ###.## ..[..##
........####....###.#.#..


You could see a hound, 3 orcs and a goblin.

Vanquished Creatures
  An adder (D:5)
  An orc (D:4)
  A quokka (D:4)
3 creatures vanquished.

Notes
Turn   | Place    | Note
-------+----------+-------------------------------------------
     0 | D:5      | qw the Felid Delver began the quest for the Orb.
     0 | D:5      | Reached XP level 1. HP: 10/10 MP: 2/2
     0 | D:5      | 0 ||| qw: Version: 0.1-a-89-g26bdef1
     0 | D:5      | 0 ||| qw: Game counter: 24
     0 | D:5      | 0 ||| qw: Always use a shield: true
     0 | D:5      | 0 ||| qw: God list: Okawaru, Trog
     0 | D:5      | 0 ||| qw: Allow faded altars: false
     0 | D:5      | 0 ||| qw: Do Orc after D:15 true
     0 | D:5      | 0 ||| qw: Do second Lair branch before Depths: true
     0 | D:5      | 0 ||| qw: Lair rune preference: random
     0 | D:5      | 0 ||| qw: Plans: Normal
     0 | D:5      | 0 ||| PLANNING D:1-11
    14 | D:5      | Reached XP level 2. HP: 14/14 MP: 3/3
    15 | D:5      | 15 ||| DROPPING scroll of fog.
    16 | D:5      | 16 ||| DROPPING scroll of magic mapping.
    17 | D:5      | 17 ||| DROPPING scroll of fear.
    90 | D:4      | 90 ||| READING scroll labelled BEHARO BUTE.
    92 | D:4      | 92 ||| Stepping ~*~*~tactically~*~*~ (hiding).
    94 | D:4      | 94 ||| Stepping ~*~*~tactically~*~*~ (hiding).
    96 | D:4      | 96 ||| Stepping ~*~*~tactically~*~*~ (hiding).
   106 | D:4      | 106 ||| Stepping ~*~*~tactically~*~*~ (outnumbered).
   109 | D:4      | Slain by a hound

Levels and vault maps discovered:
D:4:      minmay_wonky_spiral, layout_rooms, nicolae_overflow_two_pavilions
D:5:      layout_loops_ring, minmay_temple_entry_stoned_glass, enter_ossuary_4,
          minmay_misc_feat_ornament, minmay_manual_mail

Action                   || total
-------------------------++-------
Melee: Unarmed           ||    10
       Bite              ||     1
  Use: Scroll            ||     1
Dodge: Dodged            ||    13

Table legend:
 A = Non-vault XP
 B = Vault XP
 C = Vault XP percentage of total XP
 D = Non-vault monster count
 E = Vault monster count
 F = Vault count percentage of total count
                 A         B        C        D         E       F
            +---------+---------+-------+---------+---------+-------
      Total |      18 |       0 |   0.0 |       3 |       0 |   0.0
            +---------+---------+-------+---------+---------+-------
        D:4 |       5 |       0 |   0.0 |       2 |       0 |   0.0
        D:5 |      13 |       0 |   0.0 |       1 |       0 |   0.0
            +---------+---------+-------+---------+---------+-------
